 Dungeon Crawl Stone Soup version 0.29-a0-40-g8eb35efe60 (webtiles) character file.

Game seed: 561530333766079233

28 Hubjo the Grasshopper (level 2, 0/22 HPs)
             Began as a Vampire Warper on Feb 1, 2022.
             Was an Initiate of Ru.
             Succumbed to a scorpion's poison
             ... on level 4 of the Dungeon.
             The game lasted 00:04:31 (591 turns).

Hubjo the Grasshopper (Vampire Warper)               Turns: 591, Time: 00:04:32

Health: 0/22       AC:  3    Str: 10    XL:     2   Next: 96%
Magic:  5/5        EV: 12    Int: 15    God:    Ru [......]
Gold:   0          SH:  0    Dex: 13    Spells: 5/5 levels left

rFire   . . .      SeeInvis +   a - +0 short sword
rCold   . . .      Faith    .   (no shield)
rNeg    . . .      Spirit   .   b - +0 leather armour
rPois   .          Reflect  .   (no helmet)
rElec   .          Harm     .   (no cloak)
rCorr   .          Rampage  .   (no gloves)
Will    .....                   (no boots)
Stlth   +.........              (no amulet)
HPRegen 0.27/turn               (no ring)
MPRegen 0.09/turn               (no ring)

@: lethally poisoned (0 -> -12), healing quickly
A: alive, fangs 3, see invisible, vampiric 1
a: Exsanguinate, Renounce Religion


You were on level 4 of the Dungeon.
You worshipped Ru.
Ru was noncommittal.
You visited 2 branches of the dungeon, and saw 5 of its levels.

Inventory:

Hand Weapons
 a - a +0 short sword (weapon)
 h - the +6 spear of Juni {flame, rC- rN+ rCorr SInv}
   (You found it on level 2 of the Dungeon)

   It burns those it strikes, dealing additional fire damage.
   rC:        It makes you vulnerable to cold.
   rN:        It protects you from negative energy.
   SInv:      It lets you see invisible.
   rCorr:     It protects you from acid and corrosion.
Missiles
 d - 5 boomerangs of dispersal (quivered)
Armour
 b - a +0 leather armour (worn)
Magical Staves
 f - a staff of earth
Scrolls
 c - a scroll of blinking
Potions
 i - a potion of flight {unknown}
 j - a potion of brilliance


   Skills:
 + Level 2.0 Fighting
 + Level 2.5 Short Blades
 + Level 0.7 Throwing
 + Level 1.0 Armour
 + Level 2.3 Dodging
 + Level 0.1 Stealth
 + Level 2.2 Spellcasting
 + Level 2.8 Translocations


You had 5 spell levels left.
You didn't know any spells.
Your spell library contained the following spells:

 Spells                   Type           Power      Damage    Failure   Level
 Blink                    Tloc           20%        N/A       14%         2
 Gell's Gravitas          Tloc           10%        N/A       28%         3
 Lesser Beckoning         Tloc           10%        N/A       28%         3
 Teleport Other           Tloc           10%        N/A       28%         3
 Slow                     Hex            4%         N/A       30%         1
 Confusing Touch          Hex            1%         N/A       65%         3
 Vampiric Draining        Necr           1%         2d6       65%         3
 Manifold Assault         Tloc           10%        N/A       95%         5


Dungeon Overview and Level Annotations

Branches:
Dungeon (4/15)             Temple (1/1) D:4

Altars:
Ashenzari
Hepliaklqana
Makhleb
Qazlal
Ru
Wu Jian
Yredelemnul
Zin
The Shining One


Innate Abilities, Weirdness & Mutations

Your natural rate of healing is accelerated.
You have razor-sharp teeth.
You have supernaturally acute eyesight. (SInv)
You are afflicted with vampirism.


Message History

You closely miss the quokka. You bite the quokka.
You kill the quokka!
Found a leather armour.
You see here a +0 leather armour.
A scorpion comes into view.
You hit the scorpion but do no damage. The scorpion misses you.
You hit the scorpion but do no damage.
The scorpion stings you but does no damage.
You hit the scorpion but do no damage. You bite the scorpion.
The scorpion is lightly wounded.
The scorpion closely misses you.
You hit the scorpion but do no damage.
The scorpion is lightly wounded.
The scorpion barely misses you. The scorpion stings you.
You barely miss the scorpion.
The scorpion is lightly wounded.
The scorpion stings you.
You closely miss the scorpion.
The scorpion is lightly wounded.
The scorpion stings you!
You are poisoned.
The scorpion poisons you!
You hit the scorpion but do no damage.
You bite the scorpion, but do no damage.
You feel sick. The scorpion stings you.
You are lethally poisoned!
The scorpion poisons you!
You hit the scorpion but do no damage.
* * * LOW HITPOINT WARNING * * *
You feel very sick. The scorpion barely misses you.
You hit the scorpion.
The scorpion is lightly wounded.
* * * LOW HITPOINT WARNING * * *
You feel very sick. The scorpion barely misses you.
As you read the scroll labelled WUC BOSOSUXU, it crumbles to dust.
It is a scroll of identify.
j - a potion of brilliance You die...

### ..# #.# #.# #.###
##...##
##.#.##########.###.####
......s@...[...## ##....
#.###.##..####.## ##...
#. #.......# #... #.##
.....###.## ##... #...
......# ##.## ##.#..
#..###.....# #..###.##.#
#..# #.###.# #.#...###.#
##..###.###.####(#.#.#
#.#
#..<.............).#.#
#.#


You could see a scorpion.

Vanquished Creatures
  An adder (D:4)
  An orc (D:3)
  A ball python (D:4)
  4 endoplasms
  A goblin (D:4)
  2 hobgoblins
  A kobold (D:2)
  2 quokkas
  2 rats
15 creatures vanquished.

Notes
Turn   | Place    | Note
-------+----------+-------------------------------------------
     0 | D:1      | Hubjo the Vampire Warper began the quest for the Orb.
     0 | D:1      | Reached XP level 1. HP: 16/16 MP: 3/3
   124 | D:2      | Identified the +6 spear of Juni {flame, rC- rN+ rCorr SInv}
   146 | D:2      | Reached XP level 2. HP: 14/22 MP: 5/5
   200 | D:2      | You fall into a shaft and drop 1 floor!
   263 | D:4      | Found a staircase to the Ecumenical Temple.
   282 | Temple   | Entered the Ecumenical Temple
   500 | Temple   | Became a worshipper of Ru the Awakened
   530 | D:4      | Reached skill level 1 in Armour
   579 | D:4      | Noticed a scorpion
   591 | D:4      | Succumbed to a scorpion's poison

Illustrated notes

Levels and vault maps discovered:
D:1:      erik_arrival_blinker_ship, layout_rooms,
          nicolae_ecumenical_lake_church
D:2:      layout_basic, uniq_robin, uniq_crazy_yiuf_cottage
D:3:      layout_basic, marbit_many_paths
D:4:      layout_loops_ring, minmay_temple_entry_statues_fountains
Temple:   dpeg_three_leaves_temple

Skill      XL: |  1  2 |
---------------+-------+-----
Fighting       | 2 |  2.0
Armour         | 1 |  1.0
Short Blades   | |  2.5
Throwing       | |  0.7
Dodging        | |  2.3
Stealth        | |  0.1
Spellcasting   | |  2.2
Translocations | |  2.8

Action                   || total
-------------------------++-------
Melee: Short sword       ||    60
       Bite              ||    10
       Punch             ||     1
  Use: Scroll            ||     2
 Stab: Sleeping          ||     1
Armor: Leather armour    ||     8
Dodge: Dodged            ||    35

Table legend: (Time is in decaauts)
 A = Elapsed time spent in this place.
 B = Non-inter-level travel time spent in this place.
 C = Inter-level travel time spent in this place.
 D = Time resting spent in this place.
 E = Time spent auto-exploring this place.
 F = Levels seen in this place.
 G = Mean time per level.
                   A        B        C        D        E       F      G
               +--------+--------+--------+--------+--------+-----+--------+
         Total |    589 |    360 |    229 |      0 |    203 |   5 |  117.8 |
       Dungeon |    357 |    293 |     64 |      0 |    141 |   4 |   89.2 |
        Temple |    231 |     66 |    165 |      0 |     62 |   1 |  231.0 |
               +--------+--------+--------+--------+--------+-----+--------+

Top non-repeatable levels by time:
  Temple: 231 daAuts
     D:2: 152 daAuts
     D:4: 96 daAuts
     D:3: 61 daAuts
     D:1: 47 daAuts
